 Dungeon Crawl Stone Soup version 0.25.1-2-g60ff931df9 (webtiles) character file.

Game seed: 6057023667852563731

176068 Curus the Warrior (level 17, -7/185 HPs)
             Began as a Minotaur Fighter on Sept 14, 2020.
             Was a High Priest of Okawaru.
             Mangled by Mara (illusionary)
             ... wielding a +5 demon blade of draining
              (23 damage)
             ... on level 4 of the Swamp on Sept 15, 2020.
             The game lasted 03:19:52 (32318 turns).

Curus the Warrior (Minotaur Fighter)               Turns: 32318, Time: 03:19:53

Health: -7/185     AC: 33    Str: 22    XL:     17   Next: 49%
Magic:  22/22      EV:  7    Int: 16    God:    Okawaru [*****.]
Gold:   4372       SH: 19    Dex: 14    Spells: 16/16 levels left

rFire    + . .     SeeInvis +   E - +1 demon trident (drain)
rCold    + . .     Gourm    .   c - +1 kite shield
rNeg     . . .     Faith    .   v - +3 plate armour
rPois    +         Spirit   .   A - +0 hat of the Gravedigger {rC+ rCorr Int+3}
rElec    +         Reflect  +   T - +2 cloak
rCorr    +         Harm     .   U - +2 pair of gloves
MR       +....                  l - +0 pair of boots of Igon {+Inv rPois Slay+3 SInv}
Stlth    ..........             S - amulet of reflection
HPRegen  0.40/turn              h - +4 ring of slaying
MPRegen  0.18/turn              e - ring "Miemair" {Fire *Slow rElec Int+6}

@: about to teleport, heroism, very heavily drained
A: retaliatory headbutt, horns 2, iridescent scales 1, molten scales 1, cold
resistance 1, robust 1
a: Heroism, Finesse, Renounce Religion, Evoke Invisibility


You were on level 4 of the Swamp.
You worshipped Okawaru.
Okawaru was extremely pleased with you.
You were not hungry.

You visited 5 branches of the dungeon, and saw 30 of its levels.
You also visited: Ice Cave.

You collected 5254 gold pieces.
You spent 882 gold pieces at shops.

Inventory:

Hand Weapons
 E - a +1 demon trident of draining (weapon)
Armour
 c - a +1 kite shield (worn)
 l - the +0 pair of boots of Igon (worn) {+Inv rPois Slay+3 SInv}
   (You acquired it on level 1 of the Orcish Mines)

   It affects your accuracy and damage with ranged weapons and melee attacks
   (+3).
   It protects you from poison.
   It lets you see invisible.
   It lets you turn invisible.
 v - a +3 plate armour (worn)
 A - the +0 hat of the Gravedigger (worn) {rC+ rCorr Int+3}
   (Okawaru gifted it to you on level 6 of the Lair of Beasts)

   It affects your intelligence (+3).
   It protects you from cold.
   It provides partial protection from all sources of acid and corrosion.
 N - a scarf of resistance
 T - a +2 cloak (worn)
 U - a +2 pair of gloves (worn)
 X - a +1 pair of boots of stealth
Jewellery
 e - the ring "Miemair" (right hand) {Fire *Slow rElec Int+6}
   (You found it on level 4 of the Lair of Beasts)

   [ring of fire]

   It enhances your fire magic.
   It affects your intelligence (+6).
   It protects you from fire.
   It makes you vulnerable to cold.
   It insulates you from electricity.
   It may slow you when you take damage.
 h - a +4 ring of slaying (left hand)
 u - an uncursed ring of protection from magic
 C - a +6 ring of strength
 D - an uncursed amulet of faith
 F - an uncursed amulet of guardian spirit
 L - an uncursed ring of protection from cold
 P - an uncursed ring of resist corrosion
 S - an amulet of reflection (around neck)
Wands
 a - a wand of iceblast (19)
 g - a wand of random effects (19)
 m - a wand of disintegration (21)
 q - a wand of polymorph (39)
 t - a wand of clouds (7)
 x - a wand of paralysis (27)
 y - a wand of acid (28)
 G - a wand of enslavement (9)
 I - a wand of digging (7)
 V - a wand of flame (93)
Scrolls
 i - 6 scrolls of teleportation
 j - 15 scrolls of remove curse
 n - 11 scrolls of identify
 r - 2 scrolls of brand weapon
 s - 3 scrolls of noise
 J - 5 scrolls of amnesia
 M - 2 scrolls of fear
 Q - 2 scrolls of magic mapping
 W - 3 scrolls of fog
 Z - 2 scrolls of random uselessness
Potions
 b - 2 potions of ambrosia
 k - 5 potions of haste
 o - 4 potions of cancellation
 p - 2 potions of flight
 w - 6 potions of curing
 z - 7 potions of stabbing
 B - a potion of mutation
 H - a potion of invisibility
 R - 4 potions of heal wounds
 Y - 2 potions of brilliance
Miscellaneous
 d - a box of beasts
Comestibles
 f - 47 rations


   Skills:
 + Level 19.7(16.8) Fighting
 - Level 14.0(11.9) Polearms
 + Level 19.7(16.8) Armour
 - Level 15.0(12.7) Shields
 - Level 8.8(3.2) Invocations
 - Level 7.5(2.1) Evocations


You had 16 spell levels left.
You didn't know any spells.
Your spell library contained the following spells:

 Spells                   Type           Power        Failure   Level  Hunger
 Corona                   Hex            #......      95%         1    ##.....
 Freeze                   Ice            #...         95%         1    ##.....
 Shock                    Conj/Air       #...         95%         1    ##.....
 Blink                    Tloc           N/A          99%         2    ###....
 Ensorcelled Hibernation  Hex/Ice        #.....       99%         2    ###....
 Poisonous Vapours        Pois/Air       #.....       99%         2    ###....
 Shroud of Golubria       Chrm/Tloc      #.....       99%         2    ###....
 Swiftness                Chrm/Air       #.......     99%         2    ###....
 Confusing Touch          Hex            #.......     100%        3    ####...
 Conjure Flame            Conj/Fire      #.......     100%        3    ####...
 Dazzling Flash           Conj/Hex       #.....       100%        3    ####...
 Frozen Ramparts          Ice            #.....       100%        3    ####...
 Gell's Gravitas          Tloc           #.........   100%        3    ####...
 Ignite Poison            Fire/Tmut/Pois #.......     100%        3    ####...
 Lesser Beckoning         Tloc           #.........   100%        3    ####...
 Mephitic Cloud           Conj/Pois/Air  #.......     100%        3    ####...
 Ozocubu's Armour         Chrm/Ice       #.......     100%        3    ####...
 Portal Projectile        Hex/Tloc       #.....       100%        3    ####...
 Recall                   Summ/Tloc      N/A          100%        3    ####...
 Spider Form              Tmut/Pois      #.........   100%        3    ####...
 Static Discharge         Conj/Air       #.......     100%        3    ####...
 Teleport Other           Tloc           #.......     100%        3    ####...
 Tukima's Dance           Hex            #.......     100%        3    ####...
 Airstrike                Air            #.........   100%        4    #####..
 Hailstorm                Conj/Ice       #.......     100%        4    #####..
 Ice Form                 Ice/Tmut       #.......     100%        4    #####..
 Passage of Golubria      Tloc           N/A          100%        4    #####..
 Petrify                  Tmut/Erth      #.......     100%        4    #####..
 Summon Ice Beast         Ice/Summ       #.......     100%        4    #####..
 Excruciating Wounds      Chrm/Necr      #.........   100%        5    ######.
 Lightning Bolt           Conj/Air       #.........   100%        5    ######.
 Metabolic Englaciation   Hex/Ice        #.........   100%        5    ######.
 Yara's Violent Unravell  Hex/Tmut       #.........   100%        5    ######.
 Freezing Cloud           Conj/Ice/Air   #.........   100%        6    #######
 Ozocubu's Refrigeration  Ice            #.........   100%        6    #######
 Simulacrum               Ice/Necr       #.........   100%        6    #######
 Ring of Flames           Chrm/Fire      #.........   100%        7    #######


Dungeon Overview and Level Annotations

Branches:
Dungeon (15/15)            Temple (0/1) D:7            Lair (6/6) D:9
  Swamp (4/4) Lair:4       Spider (3/4) Lair:3        Slime (0/5) Lair:5
    Orc (2/2) D:9             Elf (0/3) Orc:2        Vaults (0/5) D:14
 Depths (0/5) D:15          IceCv (visited)

Altars:
Cheibriados
Dithmenos
Elyvilon
Fedhas
Gozag
Hepliaklqana
Makhleb
Nemelex Xobeh
Okawaru
Ru
Uskayaw
The Shining One
Beogh
Jiyva

Shops:
D:5 %   Orc:1 ?   Orc:2 }(%(

Annotations:
Swamp:4 Mara


Innate Abilities, Weirdness & Mutations

You reflexively headbutt those who attack you in melee.
You have a pair of horns on your head.
You are partially covered in iridescent scales. (AC +2)
You are partially covered in molten scales. (AC +2)
Your flesh is cold resistant. (rC+)
You are robust. (+10% HP)


Message History

You struggle to resist.
Mara gestures at you. Pain shoots through your body!
* * * LOW HITPOINT WARNING * * *
Unknown command.
As you read the scroll of teleportation, it crumbles to dust.
You feel strangely unstable.
Your larval firebat beast hits Curus's illusion.
You block Curus's illusion's attack. Mara hits you but does no damage.
You feel drained.
Mara blinks!
You miss Mara. You headbutt Mara, but do no damage.
Mara is severely wounded.
Curus's illusion hits you but does no damage.
You feel drained.
Your larval firebat beast hits Curus's illusion but does no damage.
Your shield prevents you from hitting Mara.
Mara is severely wounded.
Your larval firebat beast hits Curus's illusion but does no damage.
Mara hits you with a +5 demon blade of draining!!
You die...

♣♣♣♣♣♣♣♣♣♣ ♣♣♣♣ ♣♣♣♣♣♣♣♣ ♣.♣
♣♣♣≈.......♣♣♣♣.♣.♣♣♣≈♣..≈♣.
...♣♣≈.......≈..♣≈....≈♣........
.≈≈%≈..........^.≈...≈♣♣≈≈♣..≈..
..≈.≈≈....≈≈......≈.≈♣..≈.≈.≈.(.
≈....≈≈..≈§≈R........≈.≈≈≈.....§
.≈.....?.≈≈...§....≈..≈≈.≈......
.....≈.≈........R..≈....≈.......
%.≈.≈....≈...H@@§....R.§.≈.....≈
..≈..≈≈.≈..≈.≈...≈≈...§....§§.≈≈
.≈≈........≈≈.≈......§≈≈..♣.≈...
§..≈.......≈..≈≈.≈.....≈^≈≈....≈
...≈≈≈..≈.≈≈≈.........≈≈≈..≈..≈♣
..≈...≈.♣♣.≈♣♣.........≈.≈♣..≈♣.
≈...≈.≈♣♣♣♣♣♣♣♣♣≈.....≈♣♣..♣♣♣♣♣
≈....♣♣ ♣♣.≈.♣♣♣♣♣♣♣♣ ♣♣ #.≈.#
♣.


You could see 3 Maras, Curus's illusion (drained) and a friendly larval firebat
beast (summoned).

Vanquished Creatures
  Nikola (Spider:2)
  Rupert (Lair:3)
  Jorgrun (D:14)
  3 thorn hunters
  Kirke (D:14)
  A frost giant (IceCv)
  Aizul (Spider:2)
  2 emperor scorpions
  3 entropy weavers (Spider:3)
  The ghost of Vuikataa the Fighter, a journeyman FoFi of Cheibriados (Lair:4)
  2 spark wasps
  The ghost of harness the Transmogrifier, a journeyman DrTm of Wu Jian (Lair:3)
  A fire dragon (D:14)
  Fannar (D:12)
  9 hydras
  A vault guard (D:14)
  2 rakshasas
  3 ghost crabs
  9 alligators
  4 shambling mangroves
  Erica (Lair:1)
  A centaur warrior (D:15)
  3 death yaks (Lair:5)
  The ghost of Curus the Bludgeoner, a novice MiFi of Makhleb (Lair:1)
  A tengu warrior (D:14)
  18 two-headed ogres
  4 ogre magi (Orc:2)
  An orc high priest (Orc:2)
  A skeletal warrior (D:12)
  2 unseen horrors (D:15)
  3 swamp dragons
  A deep elf archer (D:14)
  8 orb spiders
  The ghost of kthxbai the Basher, a novice MiBe of Trog (D:6)
  3 necromancers (D:14)
  3 wizards
  An orc sorcerer (Orc:1)
  3 deep elf magi
  The ghost of DearestLeader the Destroyer, a novice DEWz of Vehumet (D:7)
  2 orc knights
  10 wolf spiders
  4 elephants (Lair:5)
  An ugly thing (D:11)
  2 cyclopes
  A centaur zombie (D:13)
  4 black mambas
  An ice statue (IceCv)
  2 rust devils (D:6)
  Maurice (D:10)
  2 torpor snails (Spider:2)
  12 spiny frogs
  2 komodo dragons
  5 kobold demonologists
  2 komodo dragons (shapeshifter) (D:15)
  10 rime drakes
  A freezing wraith (D:15)
  16 demonic crawlers
  4 trolls
  15 tyrant leeches
  12 jumping spiders
  Grinder (D:3)
  A merfolk (D:11)
  12 hornets
  A hornet (shapeshifter) (D:15)
  21 polar bears
  11 dream sheep
  10 hippogriffs
  27 slime creatures
  12 blink frogs
  A meliai zombie (D:15)
  6 bog bodies
  3 wraiths (D:14)
  A tarantella (shapeshifter) (D:15)
  42 redbacks
  14 spriggans
  6 wyverns
  60 yaks
  5 shadows
  2 hogs (D:14)
  2 vampires (D:15)
  20 humans (D:14)
  4 hungry ghosts
  18 tarantellas
  A death yak simulacrum (Lair:4)
  2 basilisks
  8 vampire mosquitoes
  15 swamp worms
  A soldier ant (shapeshifter) (D:15)
  3 wargs
  An acid dragon (D:12)
  11 porcupines
  10 water moccasins
  5 black bears
  2 hydra simulacra (Lair:4)
  5 swamp drakes
  2 ice beasts
  21 orc warriors
  3 phantoms
  2 black bears (shapeshifter)
  A sky beast (D:7)
  58 wolves
  38 ogres
  13 boggarts
  12 centaurs
  14 crocodiles
  A gnoll sergeant (D:5)
  19 bullfrogs
  A wyvern zombie (D:13)
  A wyvern skeleton (D:12)
  A spiny frog simulacrum (Lair:4)
  A water moccasin zombie (D:7)
  A blink frog simulacrum (Lair:4)
  10 killer bees (D:11)
  A scorpion (D:10)
  11 wights
  2 howler monkeys
  A torpor snail simulacrum (Lair:4)
  5 crimson imps
  3 bullfrog zombies
  A quasit (D:9)
  14 orc priests
  9 jellies
  Crazy Yiuf (D:5)
  3 bullfrog skeletons
  5 centaur skeletons
  9 hounds
  31 orc wizards
  Jessica (D:3)
  7 iguanas
  4 worker ants
  A killer bee zombie (D:10)
  3 hound zombies
  2 hound skeletons
  A worker ant zombie (D:5)
  11 gnolls
  2 howler monkey skeletons
  9 adders
  4 shadow imps
  An adder skeleton (D:10)
  A worm (D:2)
  A dart slug (D:4)
  3 leopard geckos
  70 orcs
  A ball python (D:3)
  5 bats
  8 giant cockroaches
  2 goblins (D:2)
  5 hobgoblins
  2 jackals (D:4)
  7 kobolds
  5 quokkas
  7 frilled lizards
  2 leopard gecko skeletons
  A leopard gecko zombie (D:5)
  A quokka skeleton (D:6)
  5 rats
  A briar patch (Swamp:2)
1026 creatures vanquished.

Vanquished Creatures (others)
  A polar bear (IceCv)
  2 humans (D:14)
  A yak (IceCv)
  An acid dragon (D:14)
  A wolf (IceCv)
  14 fungi
  13 plants
33 creatures vanquished.

Grand Total: 1059 creatures vanquished

Notes
Turn   | Place    | Note
-------+----------+-------------------------------------------
     0 | D:1      | Curus the Minotaur Fighter began the quest for the Orb.
     0 | D:1      | Reached XP level 1. HP: 19/19 MP: 0/0
   788 | D:1      | Reached XP level 2. HP: 26/26 MP: 1/1
  1059 | D:2      | Reached XP level 3. HP: 31/31 MP: 2/2
  1333 | D:2      | Found a sacrificial altar of Ru.
  1337 | D:2      | Found a glowing golden altar of the Shining One.
  1348 | D:2      | Found a shadowy altar of Dithmenos.
  1678 | D:3      | Noticed Grinder
  1684 | D:2      | Reached skill level 5 in Polearms
  2020 | D:3      | Found a hazy altar of Hepliaklqana.
  2020 | D:3      | Found an opulent altar of Gozag.
  2021 | D:3      | Noticed Jessica
  2028 | D:3      | Killed Jessica
  2028 | D:3      | Reached XP level 4. HP: 39/39 MP: 3/3
  2144 | D:3      | Paralysed by Grinder for 5 turns
  2156 | D:3      | Paralysed by Grinder for 4 turns
  2164 | D:3      | Killed Grinder
  2164 | D:3      | Reached XP level 5. HP: 33/45 MP: 4/4
  2164 | D:3      | Reached XP level 6. HP: 38/51 MP: 5/5
  3084 | D:5      | Entered Level 5 of the Dungeon
  3190 | D:5      | Reached XP level 7. HP: 57/57 MP: 6/6
  3244 | D:5      | Reached skill level 10 in Polearms
  3566 | D:5      | Found Neune's Food Boutique.
  3645 | D:5      | Found a runed translucent door.
  3646 | D:5      | Noticed Crazy Yiuf
  3683 | D:5      | Found a blossoming altar of Fedhas.
  3886 | D:5      | Killed Crazy Yiuf
  3886 | D:5      | Reached XP level 8. HP: 55/64 MP: 7/7
  4094 | D:6      | Found an iron altar of Okawaru.
  4102 | D:6      | Became a worshipper of Warmaster Okawaru
  4201 | D:6      | Found a large runed translucent door.
  4201 | D:6      | Found a large runed translucent door.
  4202 | D:6      | Noticed kthxbai's ghost (novice MiBe)
  4515 | D:6      | Found a sparkling altar of Nemelex Xobeh.
  4670 | D:6      | Reached * piety under Okawaru
  4684 | D:6      | Found a hide-covered altar of Uskayaw.
  5107 | D:6      | Noticed a rust devil
  5107 | D:6      | Noticed a rust devil
  5112 | D:6      | Reached XP level 9. HP: 65/71 MP: 8/8
  5116 | D:6      | Killed a rust devil
  5116 | D:6      | Reached ** piety under Okawaru
  5116 | D:6      | Reached skill level 5 in Fighting
  5116 | D:6      | Reached skill level 5 in Armour
  5121 | D:6      | Killed a rust devil
  5703 | D:7      | Found a staircase to the Ecumenical Temple.
  5746 | D:7      | Gained mutation: Your mind is acute. (Int +2) [potion of
                  | mutation]
  5746 | D:7      | Gained mutation: Your flesh is cold resistant. (rC+)
                  | [potion of mutation]
  5880 | D:7      | Reached *** piety under Okawaru
  6070 | D:7      | Found a runed translucent door.
  6158 | D:7      | Noticed DearestLeader's ghost (novice DEWz)
  6528 | D:8      | Found a snail-covered altar of Cheibriados.
  6798 | D:8      | Found a burning altar of Makhleb.
  7001 | D:9      | Found a staircase to the Lair.
  7024 | D:9      | Reached XP level 10. HP: 88/88 MP: 9/9
  7039 | D:9      | Found a staircase to the Orcish Mines.
  7062 | Lair:1   | Entered Level 1 of the Lair of Beasts
  7064 | Lair:1   | Noticed Erica
  7068 | Lair:1   | Killed Erica
  7068 | Lair:1   | Reached **** piety under Okawaru
  7166 | Lair:1   | Reached skill level 5 in Shields
  7190 | Lair:1   | Reached ***** piety under Okawaru
  7383 | Lair:1   | Noticed Sonja
  7384 | Lair:1   | Noticed Sonja
  7384 | Lair:1   | Sonja changed into Sonja the yak
  7399 | Lair:1   | Killed Sonja the yak
  7535 | Lair:1   | Found a runed translucent gate.
  7853 | Lair:1   | Found a runed translucent gate.
  7857 | Lair:1   | Found a runed translucent gate.
  7857 | Lair:1   | Noticed Curus's ghost (novice MiFi)
  7981 | Lair:2   | Noticed a spiny frog
  7988 | Lair:2   | Killed a spiny frog
  8114 | Lair:2   | Received a gift from Okawaru
  8114 | Lair:2   | Reached skill level 5 in Invocations
  8238 | Lair:2   | Found a frozen archway.
  8255 | Lair:2   | Received a gift from Okawaru
  8256 | Lair:2   | Got a warped scale mail {god gift}
  8265 | IceCv    | Entered an ice cave
  8276 | IceCv    | Reached XP level 11. HP: 63/95 MP: 14/14
  9106 | IceCv    | Reached skill level 10 in Shields
  9520 | IceCv    | Reached ****** piety under Okawaru
  9764 | IceCv    | Noticed a frost giant
  9791 | IceCv    | Killed a frost giant
  9791 | IceCv    | Received a gift from Okawaru
  9809 | IceCv    | Reached XP level 12. HP: 35/103 MP: 17/17
 10317 | Lair:2   | Found a runed translucent gate.
 10388 | Lair:2   | Received a gift from Okawaru
 10565 | Lair:2   | Found a runed translucent gate.
 10566 | Lair:2   | Found a runed translucent gate.
 10569 | Lair:2   | Found a viscous altar of Jiyva.
 10569 | Lair:2   | Noticed harness's ghost (journeyman DrTm)
 10970 | Lair:3   | Reached skill level 10 in Fighting
 10970 | Lair:3   | Reached skill level 10 in Armour
 11133 | Lair:3   | Noticed Rupert
 11143 | Lair:3   | Killed Rupert
 11143 | Lair:3   | Received a gift from Okawaru
 11398 | Lair:3   | Found a hole to the Spider Nest.
 11901 | Lair:3   | Identified the +9 scale mail "Modeuwn" {+Blink +Inv rN++
                  | Int-3} (Okawaru gifted it to you on level 2 of the Lair of
                  | Beasts)
 11903 | Lair:4   | Found a staircase to the Swamp.
 11925 | Lair:4   | Noticed a six-headed hydra
 11939 | Lair:4   | Killed a six-headed hydra
 12327 | Lair:4   | Noticed Vuikataa's ghost (journeyman FoFi)
 12360 | Lair:4   | Reached XP level 13. HP: 118/118 MP: 18/18
 12537 | Lair:4   | Received a gift from Okawaru
 12608 | Lair:4   | Found a runed translucent gate.
 12608 | Lair:4   | Found a runed translucent gate.
 12608 | Lair:4   | Found a runed translucent gate.
 12865 | Lair:5   | Found a staircase to the Slime Pits.
 13591 | Lair:6   | Entered Level 6 of the Lair of Beasts
 13621 | Lair:6   | Received a gift from Okawaru
 14161 | Lair:6   | HP: 4/124 [death yak[a boggart] (5)]
 14246 | Lair:6   | Received a gift from Okawaru
 14247 | Lair:6   | Got a crude hat {god gift}
 14253 | Lair:6   | Identified the +0 hat of the Gravedigger {rC+ rCorr Int+3}
                  | (Okawaru gifted it to you on level 6 of the Lair of Beasts)
 14592 | Lair:6   | Reached XP level 14. HP: 133/133 MP: 19/19
 14964 | Lair:6   | Reached skill level 15 in Fighting
 14964 | Lair:6   | Reached skill level 15 in Armour
 15464 | Lair:4   | Killed Vuikataa's ghost
 15526 | Lair:4   | Got the ring "Miemair" {Fire}
 16382 | Lair:2   | Got a steaming tin amulet
 16403 | Lair:2   | Identified the amulet "Duil Wea" {Acrobat rF- rC+ rN+} (You
                  | found it on level 2 of the Lair of Beasts)
 16557 | Lair:3   | Killed harness's ghost
 16626 | Lair:1   | Killed Curus's ghost
 16626 | Lair:1   | Received a gift from Okawaru
 16861 | D:7      | Killed DearestLeader's ghost
 16954 | D:6      | Killed kthxbai's ghost
 16979 | D:6      | Identified the ring "Miemair" {Fire *Slow rElec Int+6} (You
                  | found it on level 4 of the Lair of Beasts)
 17279 | Orc:1    | Entered Level 1 of the Orcish Mines
 17458 | Orc:1    | Found a roughly hewn altar of Beogh.
 17701 | Orc:1    | Found Vagiosch's Magic Scroll Shoppe.
 17718 | Orc:1    | Bought a scroll of acquirement for 728 gold pieces
 17718 | Orc:1    | Bought a scroll of enchant weapon for 105 gold pieces
 17718 | Orc:1    | Bought a scroll of fear for 49 gold pieces
 17770 | Orc:2    | Entered Level 2 of the Orcish Mines
 17830 | Orc:2    | Gained mutation: You are frail. (-10% HP) [a neqoxec]
 17986 | Orc:2    | HP: 5/124 [two-headed ogre/cursed -1 giant spiked club
                  | (23)]
 18383 | Orc:1    | Acquired the +0 pair of boots of Igon {+Inv rPois Slay+3
                  | SInv}
 18429 | Orc:2    | Received a gift from Okawaru
 18488 | Orc:2    | Found a staircase to the Elven Halls.
 18607 | Orc:2    | Found Omyat's Gadget Shop.
 18607 | Orc:2    | Found Qiboucah's Antique Weapon Shoppe.
 18608 | Orc:2    | Found Gawuxup's Food Shoppe.
 18608 | Orc:2    | Found Zadovi's Weapon Boutique.
 18974 | D:9      | Lost mutation: Your mind is acute. (Int +2) [potion of
                  | mutation]
 18974 | D:9      | Lost mutation: You are frail. (-10% HP) [potion of
                  | mutation]
 18974 | D:9      | Gained mutation: You are partially covered in molten
                  | scales. (AC +2) [potion of mutation]
 18974 | D:9      | Gained mutation: You are partially covered in iridescent
                  | scales. (AC +2) [potion of mutation]
 18974 | D:9      | Gained mutation: You are robust. (+10% HP) [potion of
                  | mutation]
 18976 | D:10     | Entered Level 10 of the Dungeon
 19102 | D:10     | Noticed Maurice
 19112 | D:10     | Killed Maurice
 19241 | D:10     | Reached XP level 15. HP: 160/160 MP: 20/20
 20659 | D:12     | Noticed Fannar
 20668 | D:12     | Killed Fannar
 20803 | D:12     | Noticed Nessos
 20810 | D:12     | Noticed Nessos
 20810 | D:12     | Nessos changed into Nessos the swamp worm
 20817 | D:12     | Killed Nessos the swamp worm
 20966 | D:12     | Received a gift from Okawaru
 22171 | D:14     | Noticed Jorgrun
 22186 | D:14     | Killed Jorgrun
 22352 | D:14     | Noticed Kirke
 22366 | D:14     | Killed Kirke
 22366 | D:14     | Received a gift from Okawaru
 22931 | D:14     | Identified An Early Guide to Magic
 23251 | D:14     | Found a gate to the Vaults.
 23564 | D:14     | Acquired 1460 gold pieces
 23567 | D:15     | Entered Level 15 of the Dungeon
 23609 | D:15     | Found a white marble altar of Elyvilon.
 23977 | D:15     | Received a gift from Okawaru
 23979 | D:15     | Got a pair of spiked boots {god gift}
 24016 | D:15     | Found a staircase to the Depths.
 24020 | D:15     | Reached XP level 16. HP: 174/174 MP: 21/21
 24563 | D:9      | Identified the -3 pair of boots of Yesterday {rElec rCorr
                  | Str-3} (Okawaru gifted it to you on level 15 of the
                  | Dungeon)
 24585 | Lair:1   | Acquired 630 gold pieces
 24610 | Swamp:1  | Entered Level 1 of the Swamp
 24821 | Swamp:1  | Reached skill level 1 in Evocations
 24824 | Swamp:1  | You fall into a shaft and drop 1 floor!
 24828 | Swamp:2  | Noticed a thorn hunter
 24861 | Swamp:2  | Killed a thorn hunter
 24883 | Swamp:2  | Noticed a thorn hunter
 24895 | Swamp:2  | Killed a thorn hunter
 24910 | Swamp:2  | Got a smouldering spear
 26216 | Swamp:1  | Identified the cursed +1 spear "Newtbane" {pain, rC+} (You
                  | found it on level 2 of the Swamp)
 26730 | Swamp:2  | Reached skill level 5 in Evocations
 27021 | Swamp:3  | Received a gift from Okawaru
 27160 | Swamp:3  | Paralysed by a hornet for 2 turns
 28560 | Spider:1 | Entered Level 1 of the Spider Nest
 28611 | Spider:1 | Received a gift from Okawaru
 29476 | Spider:2 | Received a gift from Okawaru
 29478 | Spider:2 | Reached XP level 17. HP: 152/184 MP: 22/22
 29509 | Spider:2 | Noticed Aizul
 29519 | Spider:2 | Killed Aizul
 29550 | Spider:2 | Identified the +2 pair of gloves of Xaxuot {rC+ Int+2
                  | Dex-2}
 29550 | Spider:2 | Noticed Nikola
 29573 | Spider:2 | Killed Nikola
 30006 | Spider:2 | Reached skill level 15 in Shields
 30373 | Spider:2 | Identified the Compendium of Boosts and Poison
 30639 | Spider:3 | Received a gift from Okawaru
 31886 | Swamp:4  | Entered Level 4 of the Swamp
 32267 | Swamp:4  | Noticed Mara
 32268 | Swamp:4  | Noticed Curus's illusion
 32299 | Swamp:4  | HP: 5/185 [Mara/+5 demon blade of draining (10)]
 32318 | Swamp:4  | Mangled by Mara (illusionary)

Illustrated notes

Levels and vault maps discovered:
D:1:      elethiomel_arrival_quiet, layout_basic
D:2:      layout_loops_ring, grunt_temple_overflow_open
D:3:      layout_basic, chequers_temple_overflow_statue_of_worship,
          first_ration, uniq_grinder, uniq_jessica
D:4:      layout_basic
D:5:      layout_cave_pools, lemuel_crystal_altar, serial_undead,
          serial_undead_c, serial_undead_c, serial_undead_a, serial_undead_c,
          serial_shops, kennysheep_little_box, uniq_crazy_yiuf_cottage
D:6:      cheibrodos_iron_armory, layout_loops_corners, kennysheep_mini,
          eat_drink_and_be_merry_uskayaw, ebering_ghost_disaster_area,
          okawaru_ov_weapons_minmay
D:7:      layout_gridville, minmay_temple_entry_stoned_glass,
          ebering_ghost_reflecting_pool
D:8:      layout_loops_corners, makhleb_grotto_becter, marbit_many_paths
D:9:      layout_cave_pools, lair_entry_dummy, david_orc_3
D:10:     layout_loops_ring, uniq_maurice
D:11:     layout_basic, hangedman_fish_farm, minmay_fractal_squares_gapless_5
D:12:     layout_cave_pools, kennysheep_small_square, uniq_nessos, uniq_fannar
D:13:     layout_roguey, hangedman_abyss_or_decor_slice,
          chequers_serial_rivers_room_a, minmay_misc_feat_alley
D:14:     layout_stronghold, grunt_vaults_entry_tiered, grunt_decor_cap,
          uniq_jorgrun, uniq_kirke
D:15:     gammafunk_enter_depths_forms, layout_loops_ring, elyvilon_altar_3
Lair:1:   layout_misc_corridors, ebering_ghost_rock_garden,
          infiniplex_staircase_pool, uniq_sonja, uniq_erica
Lair:2:   layout_small_grid, portal_ice_cave_rime, gammafunk_ghost_ooze
Lair:3:   layout_gridlike, dummy_spider_entry, grunt_forest_large_clearings,
          serial_bayou_shore_b, serial_bayou_shore_b, uniq_rupert
Lair:4:   layout_layer_cave, minmay_swamp_entry_reptiles, gammafunk_ghost_icy
Lair:5:   layout_small_grid, slime_dummy
Lair:6:   minmay_lair_end_enchanted_forest, layout_loops_ring,
          grunt_megastairs_5, lemuel_fruit_fields
Swamp:1:  layout_basic_swamp, evilmike_swamp_ruin_house_3
Swamp:2:  layout_basic_swamp, hangedman_swamp_ruin_wall, swamp_pool1
Swamp:3:  layout_basic_swamp, serial_swamp_ruin, evilmike_swamp_ruin_rubble_2,
          evilmike_swamp_ruin_house_2
Swamp:4:  swamp_basic_johnstein, layout_basic_swamp, uniq_mara
Spider:1: layout_spider_delve
Spider:2: layout_spider_delve, drop_trap, worms_lemuel, uniq_nikola, uniq_aizul
Spider:3: layout_spider_delve
Orc:1:    layout_caves, serial_shops, shop_statue, basic_altar,
          statue_in_the_mist_lemuel
Orc:2:    st_orc_ogre_mass, layout_caves

Skill      XL: |  1  2  3  4  5  6  7  8  9 10 11 12 13 14 15 16 17 |
---------------+----------------------------------------------------+-----
Polearms       | 3 4 5 7 9 11 13 14 | 14.0
Fighting       | 4 8 12 14 16 18 19 | 19.7
Armour         | 4 8 12 14 16 18 19 | 19.7
Shields        | 8 11 14 15 | 15.0
Invocations    | 5 8 |  8.8
Evocations     | 7 |  7.5

Action                   |  1- 3 |  4- 6 |  7- 9 | 10-12 | 13-15 | 16-18 || total
-------------------------+-------+-------+-------+-------+-------+-------++-------
Melee: Trident           |    84 |    58 |   151 |   305 |       |       ||   598
       Headbutt          |    14 |     6 |    47 |   134 |   334 |   251 ||   786
       Spear             |       |       |   116 |   136 |       |       ||   252
       Demon trident     |       |       |       |   266 |  1701 |  1003 ||  2970
Invok: Heroism           |       |       |       |       |       |     1 ||     1
Evoke: Wand              |       |       |       |     1 |     6 |       ||     7
       Box of beasts     |       |       |       |       |       |     1 ||     1
  Use: Potion            |     6 |     2 |     4 |     4 |     6 |     2 ||    24
       Scroll            |     3 |     2 |     6 |     5 |    12 |    11 ||    39
 Stab: Invisible         |       |       |       |       |     3 |       ||     3
  Eat: Chunk             |     3 |     4 |    11 |    19 |    36 |    17 ||    90
       Ration            |       |       |       |       |     1 |     3 ||     4
Armor: Scale mail        |    23 |     7 |       |       |       |       ||    30
       Chain mail        |       |    11 |    38 |       |       |       ||    49
       Plate armour      |       |       |    24 |   310 |   671 |   598 ||  1603
       Swamp dragon scal |       |       |       |       |     6 |       ||     6
Dodge: Dodged            |    17 |     5 |    17 |   122 |   262 |   220 ||   643
Block: Kite shield       |    22 |    17 |    59 |   388 |   782 |   621 ||  1889
       Reflection        |       |       |       |       |       |     4 ||     4
